 Dungeon Crawl Stone Soup version 0.22-a0-322-g60b3cfd (webtiles) character file.

98 kidcy the Slasher (level 4, 0/38 HPs)
             Began as a Draconian Gladiator on Apr 2, 2018.
             Slain by an orc wizard
             ... wielding a +0 dagger
              (2 damage)
             ... on level 2 of the Dungeon.
             The game lasted 00:02:44 (2087 turns).

kidcy the Slasher (Draconian Gladiator)             Turns: 2087, Time: 00:02:45

Health: 0/38       AC:  6    Str: 17    XL:     4   Next: 43%
Magic:  4/4        EV: 13    Int:  8    God:
Gold:   136        SH:  0    Dex: 13    Spells: 3/3 levels left

rFire    . . .     SeeInvis .   a - +0 long sword
rCold    . . .     Gourm    .   (no shield)
rNeg     . . .     Faith    .   (armour unavailable)
rPois    .         Spirit   .   b - +0 hat
rElec    .         Reflect  .   f - +0 cloak
rCorr    .         Harm     .   (no gloves)
MR       .....                  (no boots)
Stlth    +.........             (no amulet)
HPRegen  0.12/turn              (no ring)
MPRegen  0.09/turn              (no ring)

@: no status effects
A: unfitting armour, cold-blooded, AC +5
a: no special abilities


You were on level 2 of the Dungeon.
You were hungry.

You visited 1 branch of the dungeon, and saw 3 of its levels.

You collected 136 gold pieces.

Inventory:

Hand Weapons
 a - a +0 long sword (weapon)
Missiles
 c - 3 throwing nets (quivered)
Armour
 b - a +0 hat (worn)
 f - a +0 cloak (worn)
 k - a cursed +0 buckler
Wands
 r - a wand of random effects (13)
Scrolls
 e - 2 scrolls of identify
 h - 5 scrolls of remove curse {unknown}
 i - a scroll of immolation {unknown}
 m - 2 scrolls of teleportation {unknown}
 n - a scroll of fear {unknown}
 p - a scroll of amnesia {unknown}
 q - a scroll of blinking {unknown}
Potions
 g - a potion of haste {unknown}
 j - a potion of mutation {unknown}
 l - a potion of brilliance {unknown}
 s - 2 potions of cancellation {unknown}
Comestibles
 d - a ration


   Skills:
 + Level 3.2 Fighting
 * Level 4.3 Long Blades
 - Level 1.7 Throwing
 + Level 3.3 Dodging


You had 3 spell levels left.
You didn't know any spells.

Dungeon Overview and Level Annotations

Branches:
Dungeon (3/15)

Altars:
Nemelex Xobeh
Okawaru
Sif Muna
Trog
Xom


Innate Abilities, Weirdness & Mutations

Your plain brown scales are hard. (AC +5)
You cannot fit into any form of body armour.
You are cold-blooded and may be slowed by cold attacks.


Message History

The puff of flame hits you!
* * * LOW HITPOINT WARNING * * *
The orc priest calls down the wrath of Beogh upon you.
Beogh smites you!
* * * LOW HITPOINT WARNING * * *
You hear some strange, mumbled words.
A puff of flame appears from out of thin air!
The puff of flame hits you!
* * * LOW HITPOINT WARNING * * *
Okay, then.
The orc priest begins to cast a cantrip, but forgets the words!
Something hits you but does no damage.
The orc priest looks encouraged for a moment.
There is a stone staircase leading up here.
Something hits you but does no damage.
The orc priest looks braver for a moment.
You climb upwards.
There is a stone staircase leading down here.
You start resting.
Something hits you.
You die...

# #.#####..#####.#####.#.###.# ##
##.## #..........>.#.#......
.####...####÷######.###.#.#######
.#....#......# #.# #.#.# #
.#.##...####.# #_# #.#.# #
.#.###.## #.# ##.# #.#.#######
.#.##...## #.# #..# #.#........
.......).# #.#####.## #.#........
...##....# #....@..# #.##.######
##.###.#.###.####.### #.##.#
##......#....##.._..###....######
##.###....#####.#.#..............
......†.#...............##.######
##.###....######.#....####.#
#.....#.........#)....###.#
#####...########.......##.######
### ##.## #................


There were no monsters in sight!

Vanquished Creatures
  A gnoll (D:1)
  3 adders (D:2)
  2 worms (D:2)
  3 leopard geckos
  6 orcs (D:3)
  A ball python (D:2)
  A giant cockroach (D:3)
  7 goblins
  A hobgoblin (D:2)
  4 jackals (D:3)
  3 kobolds
  6 bats
  4 frilled lizards
  4 rats
46 creatures vanquished.

Notes
Turn   | Place    | Note
-------+----------+-------------------------------------------
     0 | D:1      | kidcy the Draconian Gladiator began the quest for the Orb.
     0 | D:1      | Reached XP level 1. HP: 17/17 MP: 1/1
   273 | D:1      | Reached XP level 2. HP: 25/25 MP: 2/2
  1061 | D:2      | Reached XP level 3. HP: 26/30 MP: 3/3
  1472 | D:2      | Found a sparkling altar of Nemelex Xobeh.
  1479 | D:2      | Found a bloodstained altar of Trog.
  1517 | D:2      | Reached skill level 4 in Long Blades
  1731 | D:2      | Found an iron altar of Okawaru.
  1774 | D:2      | Reached XP level 4. HP: 38/38 MP: 4/4
  1826 | D:3      | Found a shimmering altar of Xom.
  1895 | D:3      | Found a deep blue altar of Sif Muna.
  2082 | D:3      | HP: 1/38 [something/puff of flame (8)]
  2087 | D:2      | Slain by an orc wizard

Vault maps used:
D:1:      minmay_arrival_loop
D:2:      lemuel_crystal_altar, lemuel_doored_altar, overflow_temple_1_default
D:3:      nicolae_qazlal_general_emergency, xom_butterflies,
          lemuel_coloured_pillars_altar, roderic_lattice_a,
          kennysheep_jessica_study

Skill      XL: |  1  2  3 |
---------------+----------+-----
Dodging        | 3 |  3.3
Long Blades    | 4 |  4.3
Fighting       | 3 |  3.2
Throwing       | |  1.7

Action                   |  1- 3 |  4- 6 || total
-------------------------+-------+-------++-------
Melee: Long sword        |    62 |    32 ||    94
       Tailslap          |     8 |     5 ||    13
Evoke: Wand              |       |     1 ||     1
  Use: Potion            |       |     2 ||     2
       Scroll            |       |     1 ||     1
 Stab: Sleeping          |     3 |       ||     3
  Eat: Chunk             |     3 |       ||     3
Armor: Skin              |    17 |    14 ||    31
Dodge: Dodged            |    49 |    30 ||    79
       Rpst.: Long sword |    19 |    10 ||    29

Table legend:
 A = Spawn XP
 B = Non-spawn XP
 C = Spawn XP percentage of total XP
 D = Spawn monster count
 E = Non-spawn monster count
 F = Spawn count percentage of total count
 G = Total turns spent on level
                    A         B        C        D         E        F      G
               +---------+---------+-------+---------+---------+-------+---------
         Total |       0 |     140 |   0.0 |       0 |      46 |   0.0 |  2087
               +---------+---------+-------+---------+---------+-------+---------
           D:1 |       0 |      30 |   0.0 |       0 |      14 |   0.0 |  1029
           D:2 |       0 |      72 |   0.0 |       0 |      16 |   0.0 |   798
           D:3 |       0 |      38 |   0.0 |       0 |      16 |   0.0 |   260
               +---------+---------+-------+---------+---------+-------+---------
